 Dungeon Crawl Stone Soup version 0.27.0-1-g7a089689b8 (webtiles) character file.

Game seed: 9986505504212022328

40 Gunterle the Sneak (level 3, -1/28 HPs)
             Began as a Vampire Delver on Aug 10, 2021.
             Killed by nerve-wracking pain
             ... invoked by Grinder
              (8 damage)
             ... on level 3 of the Dungeon.
             The game lasted 00:06:21 (471 turns).

Gunterle the Sneak (Vampire Delver)                  Turns: 471, Time: 00:06:22

Health: -1/28      AC:  4    Str: 11    XL:     3   Next: 30%
Magic:  3/3        EV: 12    Int: 13    God:
Gold:   7          SH:  0    Dex: 15    Spells: 2/2 levels left

rFire    . . .     SeeInvis +   a - +0 short sword
rCold    . . .     Faith    .   (no shield)
rNeg     . . .     Spirit   .   b - +0 leather armour
rPois    .         Reflect  .   (no helmet)
rElec    .         Harm     .   (no cloak)
rCorr    .         Rampage  .   j - +0 pair of gloves
Will     .....                  (no boots)
Stlth    +++.......             (no amulet)
HPRegen  0.29/turn              (no ring)
MPRegen  0.08/turn              (no ring)

@: healing quickly, hasted, very quick
A: alive, fangs 3, see invisible, vampiric 2
a: Exsanguinate


You were on level 3 of the Dungeon.
You visited 1 branch of the dungeon, and saw 3 of its levels.

You collected 7 gold pieces.

Inventory:

Hand Weapons
 a - a +0 short sword (weapon)
Missiles
 d - 6 javelins (quivered)
Armour
 b - a +0 leather armour (worn)
 j - a +0 pair of gloves (worn)
Wands
 g - a wand of digging (3)
Scrolls
 c - a scroll of fog
 e - a scroll of silence {unknown}
 h - a scroll of blinking {unknown}
Potions
 i - a potion of lignification {unknown}


   Skills:
 + Level 2.9 Fighting
 * Level 3.0 Short Blades
 + Level 0.6 Armour
 + Level 2.6 Dodging
 + Level 7.5 Stealth


You had 2 spell levels left.
You didn't know any spells.
Your spell library was empty.

Dungeon Overview and Level Annotations

Branches:
Dungeon (5/15)
 Temple: D:4-7

Altars:
Wu Jian

Annotations:
D:3 Grinder


Innate Abilities, Weirdness & Mutations

Your natural rate of healing is accelerated.
You have razor-sharp teeth.
You have supernaturally acute eyesight. (SInv)
You are afflicted with vampirism and can become a bat while bloodless.


Message History

The rat barely misses you.
You hit Grinder but do no damage.
Grinder is heavily wounded.
Grinder drinks a potion.
Grinder is healed!
You hit Grinder but do no damage.
Grinder is moderately wounded.
The rat bites you but does no damage.
You hit Grinder.
Grinder is heavily wounded.
Grinder blinks!
The rat completely misses you.
You hit the quokka. Your bite misses the quokka.
The quokka is almost dead.
Grinder blinks!
You hit the quokka.
You kill the quokka!
The rat bites you but does no damage.
You see here a quokka corpse.
You hit Grinder but do no damage.
Grinder is heavily wounded.
Grinder barely misses you.
You hit Grinder.
Grinder is heavily wounded.
The rat barely misses you.
You hit Grinder.
Grinder is heavily wounded.
Grinder closely misses you. The rat misses you.
You closely miss Grinder.
Grinder is heavily wounded.
You completely miss Grinder.
Grinder is heavily wounded.
Grinder closely misses you. The rat closely misses you.
Unknown command.
You hit Grinder.
Grinder is severely wounded.
Grinder misses you. The rat barely misses you.
You hit Grinder but do no damage.
Grinder is severely wounded.
Grinder gestures at you. Pain shoots through your body!
You die...

## ..# #.####
#....##
#.....###########
#.........(lr..r#
......#########l#
.....## #r######
..#.## #.@5...#
..#.# ######.#
..#.# ..#.#
....### ........
##.####.# ...
.###


You could see Grinder, an iguana and 2 rats.

Vanquished Creatures
  A bullfrog skeleton (D:4)
  A dart slug (D:4)
  An endoplasm (D:4)
  3 goblins (D:4)
  A jackal (D:4)
  A kobold (D:4)
  A quokka (D:3)
  A ball python (D:4)
10 creatures vanquished.

Notes
Turn   | Place    | Note
-------+----------+-------------------------------------------
     0 | D:5      | Gunterle the Vampire Delver began the quest for the Orb.
     0 | D:5      | Reached XP level 1. HP: 17/17 MP: 1/1
    40 | D:4      | Found an ornate altar of the Wu Jian Council.
    68 | D:4      | Noticed an iguana
   177 | D:4      | Reached XP level 2. HP: 14/23 MP: 2/2
   177 | D:4      | Gained mutation: You are afflicted with vampirism and can
                  | become a bat while bloodless. [Vampire growth]
   177 | D:4      | Reached XP level 3. HP: 17/28 MP: 3/3
   454 | D:3      | Noticed Grinder
   471 | D:3      | Killed from afar by Grinder

Illustrated notes

Levels and vault maps discovered:
D:3:      layout_loops_ring, nicolae_ru_awakened_eye, doesnt_xom_only_xom,
          dk_noncrumbling_4, uniq_grinder
D:4:      minmay_chambers_of_fours, layout_basic, kennysheep_mini_moat,
          nzn_wu_jian_contemplation, lemuel_crystal_altar, jmf_multi_god_temple,
          cheibrodos_sewer_entry_sluice
D:5:      layout_gridville, nicolae_elyvilon_temple_path,
          mainiacjoe_overflow_small_starburst, minmay_temple_entry_proselytizer,
          serial_shops, shop, hangedman_decor_lopped

Skill      XL: |  1  2  3 |
---------------+----------+-----
Short Blades   | 3 |  3.0
Fighting       | |  2.9
Armour         | |  0.6
Dodging        | |  2.6
Stealth        | |  7.5

Action                   || total
-------------------------++-------
Melee: Short sword       ||    35
       Bite              ||     2
Throw: Javelin           ||     8
  Use: Scroll            ||     2
       Potion            ||     1
 Stab: Sleeping          ||     3
       Distracted        ||     1
Armor: Leather armour    ||     6
Dodge: Dodged            ||    22
